 Dungeon Crawl Stone Soup version 0.30-a0-743-gbfdf073431 (webtiles) character file.

Game seed: 11361164355259912541

22 sircluck the Cudgeller (level 3, 0/29 HPs)
             Began as a Human Berserker on Feb 7, 2023.
             Was a Follower of Trog.
             Constricted to death by a ball python (1 damage)
             ... on level 1 of the Dungeon.
             The game lasted 00:01:56 (701 turns).

sircluck the Cudgeller (Human Berserker)             Turns: 701, Time: 00:01:56

Health: 0/29       AC:  2    Str: 19    XL:     3   Next: 7%
Magic:  3/3        EV:  9    Int:  7    God:    Trog [*.....]
Gold:   63         SH:  0    Dex: 12    Spells: 2/2 levels left

rFire   . . .      SeeInvis .    a - +0 mace
rCold   . . .      Faith    .    (no shield)
rNeg    . . .      Spirit   .    b - +0 animal skin
rPois   .          Reflect  .    (no helmet)
rElec   .          Harm     .    (no cloak)
rCorr   .          Rampage  .    (no gloves)
Will    .....                    (no boots)
Stlth   +                        (no amulet)
HPRegen 0.24/turn                (no ring)
MPRegen 0.08/turn                (no ring)

@: constricted
A: no striking features
a: Renounce Religion, Berserk


You were on level 1 of the Dungeon.
You worshipped Trog.
Trog was aware of your devotion.
You visited 1 branch of the dungeon, and saw 1 of its levels.

You collected 63 gold pieces.

Inventory:

Hand Weapons
 a - a +0 mace (weapon)
 g - a +0 short sword of speed
Missiles
 d - 14 stones (quivered)
Armour
 b - a +0 animal skin (worn)
 f - a +0 leather armour
Scrolls
 c - a scroll of identify {unknown}
Potions
 e - a potion of heal wounds {unknown}


   Skills:
 + Level 3.3 Fighting
 + Level 3.4 Maces & Flails
 + Level 2.0 Armour
 + Level 2.4 Dodging


You had 2 spell levels left.
You didn't know any spells.
Your spell library was empty.

Dungeon Overview and Level Annotations

Branches:
Dungeon (1/15)

Altars:


Message History

The jackal barely misses you. The jackal attacks as you move away!
The jackal bites you but does no damage.
The jackal bites you.
* * * LOW HITPOINT WARNING * * *
The jackal attacks as you move away! The jackal bites you.
* * * LOW HITPOINT WARNING * * *
The jackal attacks as you move away! The jackal closely misses you. x2
The jackal attacks as you move away! The jackal barely misses you.
The jackal attacks as you move away! The jackal closely misses you.
You open the door. The jackal barely misses you. The rat barely misses you.
The jackal barely misses you. The rat attacks as you move away!
The rat closely misses you.
There is an open door here.
The jackal closely misses you.
A ball python comes into view.
The ball python hisses angrily.
The ball python moves out of view.
An endoplasm comes into view.
A giant cockroach comes into view.
You closely miss the jackal.
The jackal bites you but does no damage.
The jackal completely misses you.
You completely miss the jackal. The jackal closely misses you.
The rat bites you but does no damage. The ball python misses you.
The ball python closely misses you. The jackal bites you.
* * * LOW HITPOINT WARNING * * *
The rat misses you.
You barely miss the jackal. The jackal closely misses you.
The ball python bites you but does no damage.
The ball python grabs you. The ball python constricts you.
The rat barely misses you. The jackal bites you.
* * * LOW HITPOINT WARNING * * *
You hit the jackal.
The jackal is almost dead.
The ball python bites you but does no damage.
The ball python constricts you.
The jackal bites you but does no damage.
The rat closely misses you. The ball python closely misses you.
The ball python constricts you.
You die...

......................+
######.##.##..........#
######'##.##..........#
..........##..........#
..........##..........#
..........##..##'##...#
..........###..#.# ...#
.....)##### ##.rh# ...#
......#..######.@# ###
......#..P..###..SB#
......#.~~~~~.####....
......~~.....~...##.....
......#PP.###.~...#.....
......#PP##.###~~.# ....
#####.#.##....###.# ...
#.###......##_# ...
##.........##8#


You could see a jackal, a giant cockroach, a ball python and a rat.

Vanquished Creatures
  A ball python (D:1)
  A bat (D:1)
  An endoplasm (D:1)
  2 giant cockroaches (D:1)
  A goblin (D:1)
  A hobgoblin (D:1)
  2 jackals (D:1)
  3 kobolds (D:1)
  3 quokkas (D:1)
  A frilled lizard (D:1)
  A rat (D:1)
17 creatures vanquished.

Vanquished Creatures (others)
  A fungus (D:1)
  6 plants (D:1)
7 creatures vanquished.

Grand Total: 24 creatures vanquished

Notes
Turn   | Place    | Note
-------+----------+-------------------------------------------
     0 | D:1      | sircluck the Human Berserker began the quest for the Orb.
     0 | D:1      | Reached XP level 1. HP: 18/18 MP: 1/1
   227 | D:1      | Reached XP level 2. HP: 24/24 MP: 2/2
   563 | D:1      | Found a faded altar of an unknown god.
   679 | D:1      | Reached XP level 3. HP: 14/29 MP: 3/3
   689 | D:1      | HP: 1/29 [jackal (2)]
   700 | D:1      | HP: 1/29 [jackal (2)]
   701 | D:1      | Constricted to death by a ball python

Illustrated notes

Levels and vault maps discovered:
D:1:      dpeg_arrival_chambers_temple_mockup, layout_basic,
          shapermc_ecumenical_altar_hornbeckon

Action                     || total
---------------------------++-------
  Melee: Mace              ||    98
   Stab: Sleeping          ||     2
 Armour: Animal skin       ||    31
  Dodge: Dodged            ||    98

Table legend: (Time is in decaauts)
 A = Elapsed time spent in this place.
 B = Non-inter-level travel time spent in this place.
 C = Inter-level travel time spent in this place.
 D = Time resting spent in this place.
 E = Time spent auto-exploring this place.
 F = Levels seen in this place.
 G = Mean time per level.
                   A        B        C        D        E       F      G
               +--------+--------+--------+--------+--------+-----+--------+
         Total |    730 |    686 |     44 |      0 |    380 |   1 |  730.0 |
       Dungeon |    730 |    686 |     44 |      0 |    380 |   1 |  730.0 |
               +--------+--------+--------+--------+--------+-----+--------+

Top non-repeatable levels by time:
     D:1: 730 daAuts
